 Dungeon Crawl Stone Soup version 0.29.0-11-gd7f09526c8 (webtiles) character file.

Game seed: 9803089832031807903

6 NinjaNoafa the Slasher (level 1, 0/18 HPs)
             Began as a Demonspawn Chaos Knight on Sept 2, 2022.
             Was a Plaything of Xom.
             Succumbed to a hornet's poison
             ... on level 1 of the Dungeon.
             The game lasted 00:02:28 (429 turns).

NinjaNoafa the Slasher (Demonspawn Chaos Knight)     Turns: 429, Time: 00:02:28

Health: 0/18       AC:  5    Str: 12    XL:     1   Next: 75%
Magic:  1/1        EV: 11    Int: 13    God:    Xom [..*...]
Gold:   34         SH:  0    Dex: 12    Spells: 0/0 levels left

rFire   . . .      SeeInvis .   a - +0 falchion (chaos)
rCold   . . .      Faith    .   (no shield)
rNeg    . . .      Spirit   .   b - +2 leather armour
rPois   .          Reflect  .   (no helmet)
rElec   .          Harm     .   (no cloak)
rCorr   .          Rampage  .   (no gloves)
Will    .....                   (no boots)
Stlth   +.........              (no amulet)
HPRegen 0.06/turn               (no ring)
MPRegen 0.07/turn               (no ring)

@: lethally poisoned (0 -> -6)
A: no striking features
a: Renounce Religion


You were on level 1 of the Dungeon.
You worshipped Xom.
You were a toy of Xom.
You visited 1 branch of the dungeon, and saw 1 of its levels.

You collected 34 gold pieces.

Inventory:

Hand Weapons
 a - a +0 falchion of chaos (weapon)
Armour
 b - a +2 leather armour (worn)
Miscellaneous
 c - a piece from Xom's chessboard (15/15) (quivered)


   Skills:
 - Level 3.0 Fighting
 + Level 3.1 Long Blades
 - Level 1.7 Armour
 - Level 0.8 Dodging


You couldn't memorise any spells.
You didn't know any spells.
Your spell library was empty.

Dungeon Overview and Level Annotations

Branches:
Dungeon (1/15)

Altars:

Annotations:
D:1 2 runed translucent doors


Message History

The floor.
The hobgoblin hits you but does no damage.
You hit the hobgoblin but do no damage.
The hobgoblin changes into a shapeshifter!
Xom is highly amused!
The shapeshifter changes into a hornet!
You barely miss the hornet.
The hornet stings you but does no damage.
Your ball python zombie misses the hornet.
Your ball python zombie barely misses the hornet.
You closely miss the hornet. The hornet closely misses you.
Your ball python zombie closely misses the hornet.
Your ball python zombie grabs the hornet.
Your ball python zombie constricts the hornet.
The hornet stings you!
Ouch! That really hurt!
You are lethally poisoned!
You feel yourself slow down.
* * * LOW HITPOINT WARNING * * *
You feel very sick.
The hornet struggles to escape constriction.
Your ball python zombie bites the hornet but does no damage.
Your ball python zombie constricts the hornet.
The hornet struggles to escape constriction.
Unknown command.
Unknown command.
You feel yourself speed up.
* * * LOW HITPOINT WARNING * * *
You feel very sick.
The hornet struggles to escape constriction.
Your ball python zombie bites the hornet but does no damage.
Your ball python zombie constricts the hornet.
The hornet escapes!
Your ball python zombie closely misses the hornet.
Your ball python zombie misses the hornet.
You aren't carrying any potions.
As you read the scroll labelled VISI EF YHEZAU, it crumbles to dust.
You assume a fearsome visage.
The hornet looks frightened!
It was a scroll of fear.
You die...
Xom howls with laughter!

#.#...#.JSw+...........
#.....#..rg#.#.8......#
#.#...#..gJ#####.....#.
#.#...#...K #....#... #
#...########....#...#
#..............#.....
#...###........#...#.
#.....Z.......#....#.
#...@.y....... ......
############## ###


You could see a hornet shaped shifter (fleeing, ally target) and a friendly ball
python zombie.

Vanquished Creatures
  An endoplasm (D:1)
  A giant cockroach (D:1)
  2 quokkas (D:1)
  A ball python (D:1)
5 creatures vanquished.

Notes
Turn   | Place    | Note
-------+----------+-------------------------------------------
     0 | D:1      | NinjaNoafa the Demonspawn Chaos Knight began the quest for
                  | the Orb.
     0 | D:1      | Reached XP level 1. HP: 18/18 MP: 1/1
    38 | D:1      | Found a large runed translucent door.
    38 | D:1      | Found a large runed translucent door.
    40 | D:1      | Noticed a troll
    62 | D:1      | XOM: divination: magic mapping
   420 | D:1      | XOM: silly message
   424 | D:1      | Noticed a shapeshifter
   424 | D:1      | a hobgoblin changed into a shapeshifter
   424 | D:1      | Noticed a hornet
   424 | D:1      | a shapeshifter changed into a hornet
   429 | D:1      | Succumbed to a hornet's poison

Illustrated notes

Levels and vault maps discovered:
D:1:      erik_arrival_cave_to_civilisation [erik_arrival_cave_to_temple],
          layout_basic

Skill      XL: |  1 |
---------------+----+-----
Long Blades    | 3 |  3.1
Fighting       | |  3.0
Armour         | |  1.7
Dodging        | |  0.8

Action                   || total
-------------------------++-------
Melee: Falchion          ||    15
  Use: Scroll            ||     1
Armor: Leather armour    ||    17
Dodge: Dodged            ||    20
